 Dungeon Crawl Stone Soup version 0.30-a0-1043-g60ff8d5f49 (webtiles) character file.

Game seed: 17352983363994672147

3036 porpoise the Skirmisher (level 9, -2/72 HPs)
             Began as a Barachi Hunter on Apr 10, 2023.
             Slain by a vault guard
             ... wielding a +0 broad axe
              (15 damage)
             ... in a bailey.
             The game lasted 00:23:34 (6396 turns).

porpoise the Skirmisher (Barachi Hunter)            Turns: 6396, Time: 00:23:35

Health: -2/72      AC: 10    Str: 13    XL:     9   Next: 86%
Magic:  9/9        EV: 12    Int:  6    God:
Gold:   278        SH:  0    Dex: 25    Spells: 8/8 levels left

rFire   . . .      SeeInvis .    a - +1 shortbow
rCold   + . .      Faith    .    (shield currently unavailable)
rNeg    . . .      Spirit   .    d - +0 ring mail {rC+}
rPois   .          Reflect  .    (no helmet)
rElec   .          Rampage  .    w - +3 cloak of the Earth {Int-4 Dex+6}
rCorr   .                        (no gloves)
Will    +....                    (no boots)
Stlth   ++                       (no amulet)
HPRegen 0.32/turn                p - +4 ring of slaying
MPRegen 0.11/turn                r - ring of willpower

@: about to teleport, unable to hop, slow
A: amphibious, slowness 1, strong legs 1, +LOS
a: Hop


You were in a bailey.
You visited 1 branch of the dungeon, and saw 7 of its levels.
You also visited: Ossuary and Bailey.

You collected 278 gold pieces.

Inventory:

Hand Weapons
 a - a +1 shortbow (weapon)
 b - a +2 short sword of venom
Missiles
 B - 3 boomerangs of dispersal
Armour
 d - a +0 ring mail of cold resistance (worn)
 w - the +3 cloak of the Earth (worn) {Int-4 Dex+6}
   (You found it on level 4 of the Dungeon)

   Int:       It affects your intelligence (-4).
   Dex:       It affects your dexterity (+6).
Jewellery
 m - an amulet of magic regeneration
 n - a ring of wizardry
 p - a +4 ring of slaying (left hand)
 q - a ring of wizardry
 r - a ring of willpower (right hand)
 y - a ring of magical power
Wands
 j - a wand of polymorph (5)
Scrolls
 c - 3 scrolls of teleportation
 g - a scroll of enchant weapon
 h - 2 scrolls of immolation
 l - 3 scrolls of amnesia
 o - a scroll of fog
 u - a scroll of brand weapon {unknown}
 C - a scroll of identify
Potions
 f - 3 potions of mutation
 i - a potion of ambrosia {unknown}
 s - a potion of flight
 t - a potion of lignification {unknown}
 v - a potion of attraction
 x - a potion of brilliance
 z - 2 potions of curing
 A - a potion of magic {unknown}


   Skills:
 - Level 7.0 Fighting
 * Level 11.7 Ranged Weapons
 + Level 6.3 Armour
 - Level 2.1 Dodging
 - Level 0.8 Stealth


You had 8 spell levels left.
You didn't know any spells.
Your spell library was empty.

Dungeon Overview and Level Annotations

Branches:
Dungeon (7/15)             Temple (0/1) D:7         Ossuary (visited)
 Bailey (1/1)

Altars:
Ashenzari
Okawaru
Trog

Annotations:
Bailey Prince Ribbit


Innate Abilities, Weirdness & Mutations

You are amphibious.
You cover ground slowly.
You can hop short distances.
You have an extended range of vision and can be seen from far away.


Message History

The vault guard barely misses you. The vault guard closely misses you.
The bullfrog closely misses you.
You enter the shallow water.
The bullfrog hits you.
You shoot an arrow. The arrow hits the vault guard!!
The vault guard is almost dead.
The bullfrog hits you. x2
The vault guard hits you with a +0 broad axe!
You shoot an arrow. The arrow hits the vault guard.
The vault guard is almost dead.
The bullfrog hits you.
The vault guard hits you with a +0 broad axe!
Prince Ribbit blinks!
You shoot an arrow. The arrow hits the vault guard!
The vault guard is almost dead.
The bullfrog misses you.
The vault guard hits you with a +0 broad axe!
You are too injured to fight recklessly!
Unknown command.
Fire: a) +1 shortbow
Press: ? - help, Q - select action, (/) - cycle Shift-Dir - straight line, f/p - vault guard
Aim: a vault guard, wielding a +0 broad axe and wearing a +0 chain mail (almost dead, 72% to hit)
You shoot an arrow.
The arrow closely misses the vault guard.
The bullfrog barely misses you.
Prince Ribbit blinks!
The bullfrog hits you.
The vault guard hits you with a +0 broad axe!
* * * LOW HITPOINT WARNING * * *
Okay, then.
Hop to where?
Press: ? - help, Dir - move target, p - vault guard Boing!
Prince Ribbit lets out a mournful croak.
As you read the scroll of teleportation, it crumbles to dust.
You feel strangely unstable.
Prince Ribbit catches a mosquito with his tongue.
The bullfrog hits you but does no damage.
Really read the scroll of poison?
The air fills with toxic fumes!
As you read the scroll of poison, it crumbles to dust.
The vault guard hits you with a +0 broad axe!
You die...

## .§§ ## ##§#
.§§ #§##
##§§§##§##§§§##
#§§§§§§§§§§§§§#
##§§§§§§§§§§§§§##
#§§§§§§§§§§§§§§.#
#§§§§§§§°§§§###'#
#§§§§§p§§§§##
###§§§§§@FF§§#
##.#§§§§§§§§§##
##..##§§§§§§§§#
##....#§§§§§§§§#
#.....##§##§§§§##
#......####§§§§§#
#..)...'..#§§§§§#
###'####..###§###
##~~~##...#..§§.#


You could see a vault guard, Prince Ribbit and a bullfrog.

Vanquished Creatures
  A wraith (Ossuary)
  3 humans (Bailey)
  An orc warrior (Bailey)
  A sky beast (D:6)
  3 black bears
  2 ogres
  2 phantoms (D:5)
  13 bullfrogs (Bailey)
  4 scorpions
  A howler monkey (D:5)
  An orc priest (D:5)
  A jelly (D:4)
  A sleepcap (D:6)
  3 hounds
  4 iguanas (D:5)
  An orc wizard (D:5)
  4 mummies
  6 gnolls
  10 adders
  A shadow imp (D:6)
  An ufetubus (D:4)
  A worm (D:2)
  A dart slug (D:4)
  14 orcs
  2 ball pythons
  7 endoplasms
  4 giant cockroaches (D:1)
  10 goblins
  11 hobgoblins
  4 jackals
  9 kobolds
  3 quokkas
  5 bats
  2 frilled lizards (D:1)
  9 goblin zombies (Ossuary)
  3 hobgoblin zombies (Ossuary)
  A kobold zombie (Ossuary)
  5 rats
155 creatures vanquished.

Notes
Turn   | Place    | Note
-------+----------+-------------------------------------------
     0 | D:1      | porpoise the Barachi Hunter began the quest for the Orb.
     0 | D:1      | Reached XP level 1. HP: 17/17 MP: 1/1
   290 | D:1      | Reached XP level 2. HP: 23/23 MP: 2/2
   831 | D:1      | Reached XP level 3. HP: 29/29 MP: 3/3
  1928 | D:2      | Reached skill level 5 in Ranged Weapons
  1928 | D:2      | Reached XP level 4. HP: 24/35 MP: 4/4
  2679 | D:3      | Found a bloodstained altar of Trog.
  2752 | D:3      | Found an iron altar of Okawaru.
  2990 | D:4      | Noticed a scorpion
  3002 | D:3      | Killed a scorpion
  3003 | D:3      | Reached XP level 5. HP: 36/42 MP: 5/5
  3086 | D:4      | Reached skill level 6 in Ranged Weapons
  3134 | D:4      | Noticed an ogre
  3143 | D:4      | Killed an ogre
  3144 | D:4      | Reached XP level 6. HP: 36/50 MP: 6/6
  3149 | D:4      | Reached skill level 5 in Fighting
  3321 | D:4      | Identified the +3 cloak of the Earth {Int-4 Dex+6}
  3423 | D:4      | Noticed a black bear
  3438 | D:4      | Killed a black bear
  3439 | D:4      | Reached skill level 7 in Ranged Weapons
  3439 | D:4      | Reached XP level 7. HP: 42/56 MP: 7/7
  3730 | D:4      | Found a broken altar of Ashenzari.
  3805 | D:5      | Entered Level 5 of the Dungeon
  3906 | D:5      | Found a sand-covered staircase.
  3917 | Ossuary  | Entered an ossuary
  3917 | Ossuary  | Noticed a wraith
  3917 | Ossuary  | Noticed a wraith
  3917 | Ossuary  | Noticed a wraith
  4242 | Ossuary  | Noticed a wraith
  4262 | Ossuary  | Killed a wraith
  4263 | Ossuary  | Reached skill level 8 in Ranged Weapons
  4263 | Ossuary  | Reached XP level 8. HP: 27/65 MP: 8/8
  4906 | D:5      | Reached skill level 9 in Ranged Weapons
  4909 | D:5      | Reached skill level 1 in Armour
  5417 | D:6      | Reached skill level 10 in Ranged Weapons
  5417 | D:6      | Reached XP level 9. HP: 72/72 MP: 9/9
  5433 | D:6      | You fall into a shaft and drop 1 floor!
  5480 | D:7      | Found a flagged portal.
  5497 | Bailey   | Entered a bailey
  5875 | Bailey   | Reached skill level 5 in Armour
  5960 | Bailey   | Reached skill level 11 in Ranged Weapons
  6376 | Bailey   | Noticed Prince Ribbit
  6378 | Bailey   | Noticed a vault guard
  6396 | Bailey   | Slain by a vault guard

Illustrated notes

Levels and vault maps discovered:
D:1:      lightli_arrival_statuegarden, layout_basic, serial_park_tiny_2
D:2:      layout_loops_corners, serial_park_tiny_pond, bh_walls_and_bars
D:3:      layout_rooms, mainiacjoe_overflow_chevrons,
          nicolae_overflow_crystal_walls
D:4:      layout_rooms, ashenzari_altar_1, minmay_fractal_squares_diagonal_5
D:5:      layout_layer_cave, gup_ossuary_entry_pyramid, grunt_ministairs_10
D:6:      layout_cave_pools
D:7:      layout_loops_ring, minmay_temple_entry_waves, enter_bailey_5,
          minmay_misc_feat_hallway
Bailey:   bailey_axe_froggy_fort_hellmonk, bailey

Skill      XL: |  1  2  3  4  5  6  7  8  9 |
---------------+----------------------------+-----
Fighting       | 3 4 5 6 7 |  7.0
Ranged Weapons | 5 6 7 8 10 11 | 11.7
Armour         | 3 6 |  6.3
Dodging        | |  2.1
Stealth        | |  0.8

Action                     |  1- 3 |  4- 6 |  7- 9 || total
---------------------------+-------+-------+-------++-------
  Melee: Short sword       |       |    14 |    68 ||    82
   Fire: Shortbow          |    81 |    90 |   267 ||   438
Ability: Hop               |       |     1 |     2 ||     3
    Use: Scroll            |       |       |    18 ||    18
         Potion            |       |       |     7 ||     7
 Armour: Ring mail         |    14 |    32 |   103 ||   149
  Dodge: Dodged            |    19 |    52 |   211 ||   282

Table legend: (Time is in decaauts)
 A = Elapsed time spent in this place.
 B = Non-inter-level travel time spent in this place.
 C = Inter-level travel time spent in this place.
 D = Time resting spent in this place.
 E = Time spent auto-exploring this place.
 F = Levels seen in this place.
 G = Mean time per level.
                   A        B        C        D        E       F      G
               +--------+--------+--------+--------+--------+-----+--------+
         Total |   7263 |   7083 |    180 |   1995 |   3407 |   9 |  807.0 |
       Dungeon |   5676 |   5496 |    180 |   1173 |   3407 |   7 |  810.9 |
       Ossuary |    662 |    662 |      0 |    145 |      0 |   1 |  662.0 |
        Bailey |    925 |    925 |      0 |    676 |      0 |   1 |  925.0 |
               +--------+--------+--------+--------+--------+-----+--------+

Top non-repeatable levels by time:
     D:1: 1451 daAuts
     D:2: 1251 daAuts
  Bailey: 925 daAuts
     D:5: 921 daAuts
     D:4: 871 daAuts
     D:3: 866 daAuts
 Ossuary: 662 daAuts
     D:6: 240 daAuts
     D:7: 74 daAuts
